 Dungeon Crawl Stone Soup version 0.31-a0-202-g547052bce9 (webtiles) character file.

Game seed: 5822779141047123998

112980 ketsa the Slicer (level 17, -3/124 HPs)
             Began as a Human Wanderer on June 26, 2023.
             Was the Champion of Hepliaklqana.
             Slain by a kraken (16 damage)
             ... on level 1 of the Shoals.
             The game lasted 01:59:16 (26957 turns).

ketsa the Slicer (Human Wanderer)                  Turns: 26957, Time: 01:59:16

Health: -3/124     AC: 24    Str: 13    XL:     17   Next: 16%
Magic:  18/28      EV: 13    Int: 18    God:    Hepliaklqana [******]
Gold:   181        SH:  8    Dex: 27    Spells: 28/31 levels left

rFire   + . .        l - +9 rapier "Xuhebi" {vamp, Fly rC- rN+ Int+6}
rCold   + . .        P - +2 buckler
rNeg    + + +        g - +2 chain mail {rPois}
rPois   +            r - +0 hat of Intercession {rElec rC++ rN++}
rElec   +            j - +2 cloak
rCorr   .            L - +0 pair of gloves {infuse}
SInv    .            C - +3 pair of seven-league boots {Rampage+∞}
Will    +....        k - amulet of regeneration
Stlth   +            q - ring of Ejiunn {Dex+6 Stlth+}
HPRegen 1.20/turn    o - ring of protection from fire
MPRegen 0.21/turn

%: rampage+∞, infuse magic (1 MP)
@: flying, hasted, very quick
A: reduced essence
a: Renounce Religion, Recall Ancestor, Ancestor Identity, Transference, Idealise


You were on level 1 of the Shoals.
You worshipped Hepliaklqana.
Hepliaklqana was exalted by your worship.
You visited 7 branches of the dungeon, and saw 26 of its levels.

You collected 2220 gold pieces.
You spent 2039 gold pieces at shops.

Inventory:

Hand Weapons
 l - the +9 rapier "Xuhebi" (weapon) {vamp, Fly rC- rN+ Int+6}
   (You found it on level 2 of the Dungeon)

   Int:       It affects your intelligence (+6).
   rC:        It makes you vulnerable to cold.
   rN:        It protects you from negative energy.
   Fly:       It grants you flight.
 w - a +4 scimitar of flaming
Missiles
 t - 6 silver javelins (quivered)
 z - 46 poisoned darts
 T - 9 throwing nets
 Y - 4 curare-tipped darts
Armour
 g - a +2 chain mail of poison resistance (worn)
 j - a +2 cloak (worn)
 m - a +1 scale mail of fire resistance
 n - a +0 ring mail
 r - the +0 hat of Intercession (worn) {rElec rC++ rN++}
   (You found it on level 2 of the Orcish Mines)

   rC:        It greatly protects you from cold.
   rElec:     It insulates you from electricity.
   rN:        It greatly protects you from negative energy.
 C - the +3 pair of seven-league boots (worn) {Rampage+∞}
   (You bought it in a shop on level 2 of the Orcish Mines)

   Rampage+∞: When moving toward enemies, its wearer moves as far as possible,
   alerting their target en route.
 L - a +0 pair of gloves of infusion (worn)
 P - a +2 buckler (worn)
Jewellery
 a - the ring "Zynoadimu" {Fire Str+6 Int-5}
   (You bought it in a shop on level 1 of the Orcish Mines)

   [ring of fire]

   It enhances your fire magic.
   Str:       It affects your strength (+6).
   Int:       It affects your intelligence (-5).
   rF:        It protects you from fire.
   rC:        It makes you vulnerable to cold.
 k - an amulet of regeneration (around neck)
 o - a ring of protection from fire (right hand)
 q - the ring of Ejiunn (left hand) {Dex+6 Stlth+}
   (You found it on level 10 of the Dungeon)

   [ring of dexterity]

   Dex:       It affects your dexterity (+6).
   Stlth:     It makes you more stealthy.
 u - a +4 ring of protection
 G - a ring of see invisible
 H - an amulet of the acrobat
 I - a ring of protection from cold
 O - a ring of poison resistance
 V - a ring of positive energy
Wands
 b - a wand of flame (15)
 x - a wand of mindburst (18)
 F - a wand of polymorph (9)
 M - a wand of charming (42)
 U - a wand of light (7)
Scrolls
 f - a scroll of blinking
 h - 9 scrolls of teleportation
 i - 4 scrolls of enchant weapon
 y - 2 scrolls of enchant armour
 A - 2 scrolls of poison
 D - 2 scrolls of fear
 E - 4 scrolls of identify
 J - 2 scrolls of brand weapon
 Q - a scroll of fog
 S - 2 scrolls of silence
 W - a scroll of amnesia
 Z - 3 scrolls of torment
Potions
 c - a potion of lignification
 d - 4 potions of curing
 e - 4 potions of enlightenment
 s - a potion of invisibility
 v - 2 potions of resistance
 B - 4 potions of might
 K - 8 potions of ambrosia
 N - 5 potions of brilliance
 R - 6 potions of berserk rage
 X - 2 potions of magic


   Skills:
 + Level 13.6 Fighting
 - Level 14.0 Short Blades
 - Level 3.2 Polearms
 + Level 13.0 Armour
 + Level 9.3 Dodging
 * Level 1.3 Shields
 - Level 1.0 Unarmed Combat
 - Level 7.7 Spellcasting
 - Level 9.4 Translocations
 - Level 7.7 Invocations
 - Level 8.3 Evocations


You had 28 spell levels left.
You knew the following spells:

 Your Spells              Type           Power      Damage    Failure   Level
a - Apportation           Tloc           80%        N/A       2%          1
b - Blink                 Tloc           80%        N/A       4%          2

Your spell library contained the following spells:

 Spells                   Type           Power      Damage    Failure   Level
 Lesser Beckoning         Tloc           80%        N/A       4%          2
 Momentum Strike          Conj/Tloc      46%        3d9       30%         2
 Beastly Appendage        Tmut           12%        N/A       80%         1
 Foxfire                  Conj/Fire      24%        2x1d5     80%         1
 Freeze                   Ice            24%        1d4       80%         1
 Magic Dart               Conj           24%        1d4       80%         1
 Necrotise                Necr           24%        1d5       80%         1
 Summon Small Mammal      Summ           24%        N/A       80%         1
 Call Imp                 Summ           12%        N/A       90%         2
 Wereblood                Tmut           6%         N/A       90%         2
 Dazzling Flash           Conj/Hex       12%        N/A       99%         3
 Frozen Ramparts          Ice            12%        1d2       99%         3
 Hailstorm                Conj/Ice       6%         3d4       99%         3
 Ignite Poison            Fire/Tmut/Pois 6%         N/A       99%         3
 Mephitic Cloud           Conj/Pois/Air  6%         N/A       99%         3
 Spider Form              Tmut/Pois      6%         N/A       99%         3
 Ice Form                 Ice/Tmut       6%         N/A       100%        4
 Olgreb's Toxic Radiance  Pois           6%         N/A       100%        4
 Petrify                  Tmut/Erth      6%         N/A       100%        4
 Sticky Flame             Conj/Fire      6%         2d3       100%        4
 Summon Ice Beast         Ice/Summ       6%         N/A       100%        4
 Agony                    Necr           6%         N/A       100%        5
 Alistair's Intoxication  Tmut/Pois      4%         N/A       100%        5
 Fireball                 Conj/Fire      3%         3d4       100%        5
 Metabolic Englaciation   Hex/Ice        3%         N/A       100%        5
 Silence                  Hex/Air        3%         N/A       100%        5
 Plasma Beam              Fire/Air       3%         2x1d13    100%        6
 Starburst                Conj/Fire      3%         6d3       100%        6
 Statue Form              Tmut/Erth      4%         N/A       100%        6
 Discord                  Hex            3%         N/A       100%        8
 Ignition                 Fire           3%         3d4       100%        8


Dungeon Overview and Level Annotations

Branches:
Dungeon (15/15)            Temple (1/1) D:5            Lair (5/5) D:11
 Shoals (1/4) Lair:2       Spider (1/4) Lair:3        Slime (0/5) Lair:5
    Orc (2/2) D:12            Elf (0/3) Orc:2        Vaults (0/5) D:14
 Depths (1/4) D:15

Altars:
Ashenzari
Cheibriados
Dithmenos
Elyvilon
Fedhas
Gozag
Hepliaklqana
Kikubaaqudgha
Makhleb
Nemelex Xobeh
Okawaru
Qazlal
Ru
Sif Muna
Trog
Uskayaw
Vehumet
Wu Jian
Xom
Yredelemnul
Zin
The Shining One
Jiyva

Shops:
D:5 *   D:9 ?   D:10 !   Orc:1 *   Orc:2 =([!

Annotations:
D:3 1 runed translucent door, Crazy Yiuf
D:11 2 transporters


Message History

The kraken is moderately wounded.
You block the kraken's attack.
Sizwe barely misses the tentacle.
You puncture the kraken!
You feel better.
The kraken is moderately wounded.
The tentacle slaps you. The tentacle slaps you! The tentacle barely misses you.
The tentacle slaps you but does no damage.
You block the kraken's attack.
You hit the kraken but do no damage.
The kraken is moderately wounded.
You block the tentacle's attack. The tentacle slaps you.
You block the tentacle's attack. The tentacle closely misses you.
Sizwe hits the tentacle with a +0 quarterstaff!
You puncture the kraken!
The kraken is moderately wounded.
The kraken bites you but does no damage.
The tentacle closely misses you. The tentacle misses you.
You block the tentacle's attack. The tentacle slaps you.
You puncture the kraken!
The kraken is moderately wounded.
The tentacle slaps you! x2
The tentacle slaps you but does no damage.
The kraken bites you!! You block the tentacle's attack.
Sizwe hits the tentacle with a +0 quarterstaff!!
You feel yourself speed up.
The tentacle slaps you but does no damage.
You block the tentacle's attack.
The tentacle slaps Sizwe!
The tentacle misses you. The kraken bites you! The tentacle slaps you.
The tentacle barely misses you. The tentacle slaps you!
Sizwe hits the tentacle with a +0 quarterstaff!!
You block the tentacle's attack.
You hit the kraken but do no damage.
The kraken is severely wounded.
The kraken bites you!!
* * * LOW HITPOINT WARNING * * *
You feel better.
The tentacle slaps Sizwe but does no damage.
The tentacle slaps you.
* * * LOW HITPOINT WARNING * * *
The tentacle misses you. You block the tentacle's attack. The kraken bites you!
You die...

..# ###
##~~~~....~........ P..
#...##.~..#...~~.. .P..
#..###..#####..~..
~P... ######........##
..~.. P~P~P.
.......~.~~.......~...#
PP~~P.
.~~~~~~~~~~~~.....~..##
~~~~~~~~~~~~~.....~..#
~~~~~~~~R~~~~P.P..~~
~~~~≈≈≈w@w~~~~...PP.
~~~~~~≈wXw≈~~~..~~.~
~...~~~≈≈≈~~~~~~~~~
~....~~≈≈≈P~~..~
..###.~~≈≈~~~~~~
#..~~≈≈~PP~.
#..~~~~~≈≈P.
..P~~~.~≈≈≈~


You could see the friendly Sizwe the battlemage, a kraken and 4 tentacles.

Vanquished Creatures
  Frances (D:12)
  A very ugly thing (D:15)
  A stone giant (D:15)
  Azrael (Orc:2)
  A dire elephant (Lair:4)
  8 hydras
  6 vault guards (D:14)
  4 ogre magi (Orc:2)
  2 catoblepae (Lair:5)
  A centaur warrior (D:13)
  A deep troll shaman (Lair:5)
  2 boulder beetles (D:14)
  7 two-headed ogres
  2 tengu warriors (D:15)
  6 death yaks (Lair:5)
  Sonja (D:13)
  A skyshark (Shoals:1)
  A pharaoh ant (Lair:3)
  A fire crab (Lair:5)
  3 sea snakes (Shoals:1)
  A lindwurm (Lair:5)
  2 orc knights
  Pikel (D:7)
  A steelbarb worm (Spider:1)
  5 orc sorcerers (Orc:2)
  4 deep elf pyromancers
  A deep elf zephyrmancer (Orc:2)
  2 fauns (Shoals:1)
  6 manticores
  10 ugly things
  10 elephants
  5 black mambas
  2 merfolk sirens (Shoals:1)
  2 torpor snails (Lair:5)
  3 gargoyles
  9 cane toads
  3 rime drakes
  A kobold demonologist (D:12)
  5 komodo dragons
  An efreet (D:14)
  3 polar bears
  2 trolls
  2 meliai (D:14)
  A tarantella (Spider:1)
  Prince Ribbit (D:8)
  5 slime creatures
  5 dream sheep
  A snapping turtle (Shoals:1)
  7 blink frogs
  2 wyverns
  29 yaks
  5 redbacks
  4 vampire mosquitoes (D:15)
  2 basilisks
  5 steam dragons
  A warg (Orc:1)
  Edmund (D:6)
  A swamp worm (shapeshifter) (D:15)
  3 acid dragons
  3 hell hounds (Orc:2)
  4 water moccasins
  16 orc warriors
  2 ice beasts (D:7)
  A black bear (D:7)
  A sky beast (D:6)
  6 ogres
  13 wolves
  4 centaurs
  A lemure (D:7)
  4 phantoms (D:5)
  2 kobold brigands
  11 bullfrogs
  8 scorpions
  A gnoll sergeant (D:10)
  5 wights
  14 killer bees
  2 electric eels
  3 vampire bats (D:6)
  A crimson imp (Orc:2)
  11 hounds
  5 jellies
  13 orc priests
  An iron imp (Orc:2)
  3 sleepcaps
  2 gnoll boudas
  Ijyb (D:3)
  Natasha (D:4)
  24 orc wizards
  An iguana (D:5)
  3 hell rats (Lair:2)
  A boggart simulacrum (D:15)
  Robin (D:3)
  16 gnolls
  10 adders
  A shadow imp (D:5)
  2 white imps
  3 ufetubi
  3 worms
  A dart slug (D:2)
  67 orcs
  4 bat skeletons (D:6)
  5 endoplasms
  5 giant cockroaches
  17 goblins
  8 hobgoblins
  3 jackals
  10 kobolds
  A quokka (D:3)
  6 ball pythons
  14 bats
  A frilled lizard (D:2)
  5 rats
556 creatures vanquished.

Vanquished Creatures (collateral kills)
  Gastronok (Lair:2)
  A very ugly thing (D:15)
  Nessos (Orc:2)
  A merfolk impaler (Shoals:1)
  Harold (D:10)
  A hydra (Lair:2)
  2 vault guards (D:14)
  An ogre mage (D:13)
  A boulder beetle (D:13)
  A tengu warrior (D:15)
  3 death yaks (Lair:5)
  A two-headed ogre (D:9)
  2 orc sorcerers (Orc:2)
  3 fauns (Shoals:1)
  A wolf spider (Spider:1)
  2 cyclopes
  7 ugly things
  4 manticores
  Maurice (Orc:2)
  8 elephants
  A torpor snail (Lair:5)
  A water nymph (Shoals:1)
  4 cane toads
  2 rime drakes
  A kobold demonologist (D:11)
  3 komodo dragons (Lair:2)
  A tengu conjurer (D:15)
  A queen bee (D:14)
  A polar bear (Lair:5)
  A meliai (D:14)
  A merfolk (Shoals:1)
  3 trolls
  Grinder (D:5)
  5 dream sheep
  8 blink frogs
  2 slime creatures (D:14)
  A shadow (D:12)
  A jumping spider (Spider:1)
  A wraith (D:11)
  3 wyverns
  8 yaks
  2 fire elementals (Orc:2)
  2 basilisks (Lair:5)
  A warg (Orc:2)
  8 water moccasins
  A hell hound (Orc:2)
  A black bear (Lair:5)
  An ice beast (D:8)
  5 orc warriors
  A swamp drake (Orc:2)
  3 ogres (Orc:2)
  9 wolves
  A gnoll sergeant (D:10)
  2 bullfrogs
  15 killer bees
  9 orc priests
  A gnoll bouda (D:10)
  21 orc wizards
  2 hell rats (Lair:2)
  3 gnolls (D:10)
  A shadow imp (Orc:2)
  A white imp (Orc:2)
  30 orcs
  A jackal (D:10)
  5 kobolds
  A tentacle (Shoals:1)
220 creatures vanquished.

Vanquished Creatures (others)
  A hell hound (Orc:2)
  2 ogres
  5 ancestors
  15 battlemagi
  An orc wizard (D:13)
  An orc (Orc:2)
  4 tentacles (Shoals:1)
29 creatures vanquished.

Grand Total: 805 creatures vanquished

Notes
Turn   | Place    | Note
-------+----------+-------------------------------------------
     0 | D:1      | ketsa the Human Wanderer began the quest for the Orb.
     0 | D:1      | ketsa set off with the following items: a +3 spear, a
                  | potion of mutation, a scroll of summoning, a +0 leather
                  | armour.
     0 | D:1      | Reached XP level 1. HP: 19/19 MP: 1/1
   287 | D:1      | Reached XP level 2. HP: 25/25 MP: 2/2
   763 | D:2      | Identified the +9 rapier "Xuhebi" {vamp, Fly rC- rN+ Int+6}
   784 | D:2      | Reached XP level 3. HP: 30/30 MP: 3/3
  1328 | D:2      | Reached skill level 1 in Short Blades
  1532 | D:3      | Reached XP level 4. HP: 38/38 MP: 4/4
  1690 | D:3      | Reached XP level 5. HP: 43/43 MP: 5/5
  1695 | D:3      | Noticed Robin
  1808 | D:3      | Reached skill level 2 in Short Blades
  1838 | D:3      | Found a runed translucent door.
  1839 | D:3      | Noticed Crazy Yiuf
  1875 | D:3      | Found a glowing golden altar of the Shining One.
  1875 | D:3      | Noticed Ijyb
  1948 | D:3      | Killed Ijyb
  2224 | D:3      | Killed Robin
  2527 | D:4      | Reached XP level 6. HP: 40/49 MP: 6/6
  2767 | D:4      | Reached skill level 3 in Short Blades
  3000 | D:4      | Noticed Natasha
  3007 | D:4      | Killed Natasha
  3115 | D:4      | Reached skill level 5 in Fighting
  3119 | D:4      | Reached XP level 7. HP: 56/56 MP: 7/7
  3424 | D:4      | Reached skill level 4 in Short Blades
  3712 | D:4      | Reached XP level 8. HP: 63/63 MP: 8/8
  3755 | D:5      | Entered Level 5 of the Dungeon
  3863 | D:5      | Reached skill level 5 in Short Blades
  3959 | D:5      | Noticed Grinder
  4020 | D:5      | Killed Grinder
  4074 | D:5      | Reached skill level 6 in Short Blades
  4094 | D:5      | Reached XP level 9. HP: 69/69 MP: 9/9
  4103 | D:5      | Found a glowing silver altar of Zin.
  4140 | D:5      | Reached skill level 5 in Armour
  4140 | D:5      | Reached skill level 5 in Dodging
  4239 | D:5      | Found Urhobadgh's General Store.
  4383 | D:5      | Reached skill level 7 in Short Blades
  4417 | D:5      | Found a staircase to the Ecumenical Temple.
  4427 | Temple   | Entered the Ecumenical Temple
  4566 | Temple   | Became a worshipper of Hepliaklqana the Forgotten
  5314 | D:6      | Noticed Edmund
  5840 | D:6      | Killed Edmund
  5900 | D:6      | Reached skill level 8 in Short Blades
  5900 | D:6      | Reached XP level 10. HP: 79/79 MP: 10/10
  6009 | D:6      | Found an ancient bone altar of Kikubaaqudgha.
  6519 | D:7      | Noticed Pikel
  6535 | D:7      | Killed Pikel
  6592 | D:7      | Reached * piety under Hepliaklqana
  6704 | D:7      | Noticed a boulder beetle
  6908 | D:7      | Noticed a gargoyle
  6930 | D:7      | Killed a gargoyle
  7246 | D:7      | Found a broken altar of Ashenzari.
  7246 | D:7      | Found an ornate altar of the Wu Jian Council.
  7515 | D:8      | Noticed Prince Ribbit
  7526 | D:8      | Killed Prince Ribbit
  7903 | D:8      | Reached skill level 9 in Short Blades
  8128 | D:9      | Reached skill level 1 in Invocations
  8473 | D:9      | Reached XP level 11. HP: 52/78 MP: 12/12
  9150 | D:9      | Found Denaiz's Magic Scroll Boutique.
  9153 | D:9      | Bought a scroll of identify for 26 gold pieces
  9153 | D:9      | Bought a scroll of identify for 26 gold pieces
  9184 | D:10     | Entered Level 10 of the Dungeon
  9189 | D:10     | Noticed a manticore
  9198 | D:10     | Noticed a two-headed ogre
  9209 | D:10     | Killed a manticore
  9302 | D:10     | Noticed Harold
  9302 | D:10     | Reached ** piety under Hepliaklqana
  9721 | D:10     | Killed Harold
  9961 | D:9      | Killed a two-headed ogre
 10102 | D:10     | Remembered your ancestor Sizwe as a battlemage
 10238 | D:10     | Noticed a cyclops
 10246 | D:10     | Killed a cyclops
 10247 | D:10     | Reached skill level 10 in Short Blades
 10357 | D:10     | Found Lekh's Distillery.
 10367 | D:10     | Bought a potion of curing for 45 gold pieces
 10367 | D:10     | Bought a potion of heal wounds for 75 gold pieces
 10554 | D:10     | Learned a level 1 spell: Apportation
 10566 | D:10     | Identified the ring of Ejiunn {Dex+6 Stlth+}
 10763 | D:11     | Found a radiant altar of Vehumet.
 10863 | D:11     | Reached *** piety under Hepliaklqana
 10868 | D:11     | Found a transporter.
 10873 | D:11     | Noticed an orc high priest
 10874 | D:11     | Found a transporter.
 10885 | D:11     | You are sucked into a shaft and drop 3 floors!
 10887 | D:14     | Noticed a manticore
 10894 | D:14     | Noticed a five-headed hydra
 10895 | D:14     | Killed a manticore
 10903 | D:14     | Noticed a deep elf pyromancer
 10911 | D:14     | Reached skill level 5 in Invocations
 10911 | D:13     | Noticed a boulder beetle
 11043 | D:12     | Noticed Frances
 11054 | D:12     | Noticed a soul eater
 11057 | D:12     | Killed Frances
 11058 | D:12     | Reached XP level 12. HP: 31/87 MP: 14/16
 11289 | D:12     | Identified the +6 flail "Korra" {freeze, Drain rC+ Dex+2}
 11523 | D:11     | Reached skill level 10 in Fighting
 11529 | D:11     | Found a staircase to the Lair.
 11991 | Lair:1   | Entered Level 1 of the Lair of Beasts
 12075 | Lair:1   | Reached **** piety under Hepliaklqana
 12344 | Lair:1   | Reached skill level 11 in Short Blades
 13097 | Lair:2   | Reached skill level 10 in Armour
 13112 | Lair:2   | Reached XP level 13. HP: 76/94 MP: 18/18
 13251 | Lair:2   | Reached skill level 1 in Translocations
 13251 | Lair:2   | Reached skill level 1 in Evocations
 13324 | Lair:2   | Found a staircase to the Shoals.
 13344 | Lair:2   | Noticed Gastronok
 13356 | Lair:2   | Killed Gastronok
 13376 | Shoals:1 | Entered Level 1 of the Shoals
 13522 | Lair:2   | Reached ***** piety under Hepliaklqana
 13667 | Lair:2   | Noticed a six-headed hydra
 13684 | Lair:2   | Killed a six-headed hydra
 13685 | Lair:2   | Reached skill level 12 in Short Blades
 14307 | Lair:3   | Found a hole to the Spider Nest.
 15036 | Spider:1 | Entered Level 1 of the Spider Nest
 15059 | Spider:1 | Noticed a broodmother
 15063 | Spider:1 | Reached skill level 5 in Evocations
 15230 | Lair:4   | Reached XP level 14. HP: 70/99 MP: 19/19
 15617 | Lair:4   | Reached skill level 13 in Short Blades
 15871 | Lair:4   | Noticed a dire elephant
 15908 | Lair:4   | Killed a dire elephant
 16500 | Lair:5   | Entered Level 5 of the Lair of Beasts
 16534 | Lair:5   | Found the +4 consecrated labrys {holy, Valiant Fragile Fly
                  | SInv}
 17395 | Lair:5   | Found a viscous altar of Jiyva.
 17396 | Lair:5   | Found a staircase to the Slime Pits.
 17477 | Lair:5   | Reached XP level 15. HP: 90/105 MP: 20/20
 17481 | Lair:5   | Reached skill level 14 in Short Blades
 17587 | Lair:5   | Learned a level 2 spell: Blink
 17986 | Lair:5   | Found a snail-covered altar of Cheibriados.
 18003 | Lair:5   | Reached skill level 1 in Spellcasting
 19113 | D:12     | Reached skill level 5 in Translocations
 19174 | D:12     | Found a staircase to the Orcish Mines.
 19415 | D:12     | Reached ****** piety under Hepliaklqana
 19675 | D:13     | Noticed Sonja
 19676 | D:13     | Killed Sonja
 20740 | Orc:1    | Entered Level 1 of the Orcish Mines
 20740 | Orc:1    | Found Xoskuich's Assorted Antiques.
 20893 | Orc:1    | Bought a pair of runed gloves for 217 gold pieces
 20893 | Orc:1    | Bought a scorched pewter ring for 145 gold pieces
 20893 | Orc:1    | Identified the ring "Zynoadimu" {Fire Str+6 Int-5} (You
                  | bought it in a shop on level 1 of the Orcish Mines)
 20936 | Orc:1    | Bought a twisted amethyst amulet for 145 gold pieces
 21068 | Orc:2    | Entered Level 2 of the Orcish Mines
 21068 | Orc:2    | Noticed Maurice
 21075 | Orc:2    | Killed Maurice
 21116 | Orc:2    | Noticed Nessos
 21135 | Orc:2    | Killed Nessos
 21295 | Orc:2    | Identified the +0 hat of Intercession {rElec rC++ rN++}
 21295 | Orc:2    | Identified the +2 hat of the Old World {rElec rF- rCorr}
 21533 | Orc:2    | Noticed Azrael
 21668 | Orc:2    | Killed Azrael
 21718 | Orc:2    | Found a staircase to the Elven Halls.
 21926 | Orc:2    | Reached XP level 16. HP: 113/114 MP: 16/23
 22389 | Orc:2    | Reached skill level 5 in Spellcasting
 22426 | Orc:2    | Found Foantaa's Distillery.
 22434 | Orc:2    | Bought a potion of heal wounds for 75 gold pieces
 22434 | Orc:2    | Bought a potion of curing for 45 gold pieces
 22473 | Orc:2    | Found a radiant altar of Vehumet.
 22550 | Orc:2    | Found Kone's Antique Armour Boutique.
 22569 | Orc:2    | Found an ancient bone altar of Kikubaaqudgha.
 22583 | Orc:2    | Bought the +3 pair of seven-league boots {Rampage+∞} for
                  | 1240 gold pieces
 22583 | Orc:2    | Found the +3 pair of seven-league boots {Rampage+∞}
 22629 | Orc:2    | Found Keankeof's Antique Weapon Boutique.
 22665 | Orc:2    | Found Ocemn's Jewellery Shop.
 23176 | D:14     | Found a gate to the Vaults.
 24207 | D:15     | Entered Level 15 of the Dungeon
 25113 | D:15     | Found a staircase to the Depths.
 25196 | Depths:1 | Entered Level 1 of the Depths
 25546 | D:15     | Found a glowing silver altar of Zin.
 26172 | Shoals:1 | Reached XP level 17. HP: 123/123 MP: 19/28
 26269 | Shoals:1 | Noticed a kraken
 26573 | Shoals:1 | Noticed a kraken
 26620 | Shoals:1 | Reached skill level 1 in Shields
 26800 | Shoals:1 | HP: 5/124 [tentacle[a kraken] (17)]
 26957 | Shoals:1 | Slain by a kraken

Illustrated notes

Levels and vault maps discovered:
D:1:      dpeg_arrival_pits, layout_basic
D:2:      layout_loops_ring
D:3:      layout_basic, tso_metal_star, uniq_crazy_yiuf_cottage, uniq_ijyb,
          uniq_robin
D:4:      old_forge, layout_layer_cave, enter_ossuary_2, corner_web_ring,
          uniq_natasha
D:5:      layout_basic, lemuel_tele_altar, minmay_temple_entry_grid,
          serial_shops, shop, kennysheep_generic_room_12, uniq_grinder
D:6:      layout_rooms, kennysheep_vampire_church, uniq_edmund
D:7:      layout_loops_corners, gammafunk_temple_overflow_wave, st_stairs_11,
          uniq_pikel
D:8:      layout_loops_ring, uniq_prince_ribbit1
D:9:      layout_loops_corners, serial_shops, nicolae_shop_rolled_up
D:10:     layout_cross, serial_gnoll_camp, gnoll_camp_mini_shop,
          gnoll_camp_mini_doghouse, gnoll_camp_huts_basic, gnoll_camp_mini_hut,
          minmay_diced_spiral, uniq_harold
D:11:     gammafunk_beogh_shrine, layout_basic, erik_lair_dragon,
          gauntlet_entry_generic, skrybe_limestone_x, nicolae_vehumet_radiance
D:12:     layout_loops_ring, hiddenorc1_lemuel, uniq_frances
D:13:     layout_rooms, uniq_sonja
D:14:     layout_rooms, erik_vaults_2, special_room [special_room_bee]
D:15:     grunt_enter_depths_snipers, layout_stronghold, zin_angel
Temple:   minmay_temple_bridge_d
Lair:1:   layout_regular_city
Lair:2:   layout_regular_city, elwin_shoals_entry_rooms,
          small_statue_intersection, grunt_megastairs_4, serial_bayou_shore_a,
          uniq_gastronok
Lair:3:   layout_chaotic_city, nicolae_spider_entry_lesser_pyramids
Lair:4:   layout_concentric_octagons, nicolae_lair_grazing_beasts
          [nicolae_sub_lair_graze_edge, nicolae_sub_lair_graze_edge,
          nicolae_sub_lair_graze_edge, nicolae_sub_lair_graze_edge],
          grunt_megastairs_1, infiniplex_staircase_pool, serial_bayou_shore_b
Lair:5:   grunt_lair_end_beastmaster, layout_long_grid, slime_entry_1,
          kennysheep_snail_temple
Shoals:1: layout_shoals, nicolae_shoals_arrival_archipelago
Spider:1: nicolae_spider_corner, hangedman_spider_tarantella_strand
Orc:1:    layout_caves, serial_shops, shop
Orc:2:    kennysheep_orc_mage_school, layout_caves, hangedman_minor_magic,
          uniq_maurice, uniq_nessos, uniq_azrael
Depths:1: layout_roguey, chequers_serial_rivers_small_3, grunt_hell_horde,
          led_xom_imps, minmay_shop_star, uniq_mara

Skill      XL: |  1  2  3  4  5  6  7  8  9 10 11 12 13 14 15 16 17 |
---------------+----------------------------------------------------+-----
Short Blades   | 1 2 3 4 6 8 9 10 11 12 13 14 | 14.0
Armour         | 2 3 4 5 7 8 10 11 12 13 | 13.0
Dodging        | 2 3 4 5 7 8 9 |  9.3
Fighting       | 5 6 7 8 9 10 12 13 | 13.6
Invocations    | 1 5 7 |  7.7
Translocations | 4 6 9 |  9.4
Evocations     | 5 8 |  8.3
Spellcasting   | 4 7 |  7.7
Shields        | 1 |  1.3
Polearms       | |  3.2
Unarmed Combat | |  1.0

Action                     |  1- 3 |  4- 6 |  7- 9 | 10-12 | 13-15 | 16-18 || total
---------------------------+-------+-------+-------+-------+-------+-------++-------
  Melee: Spear             |    45 |       |       |       |       |       ||    45
         Rapier            |    19 |   133 |   248 |   514 |   961 |   584 ||  2459
         Punch             |       |       |     1 |    14 |    24 |    10 ||    49
         Short sword       |       |       |       |     4 |    44 |       ||    48
         Scimitar          |       |       |       |       |       |     2 ||     2
  Throw: Stone             |       |     1 |     7 |     4 |       |       ||    12
         Javelin           |       |       |       |       |     8 |       ||     8
 Invoke: Recall Ancestor   |       |       |       |    10 |     4 |       ||    14
         Ancestor Life: Ba |       |       |       |     1 |       |       ||     1
    Use: Scroll            |       |       |     2 |    13 |    15 |     2 ||    32
         Potion            |       |       |       |     8 |     4 |     8 ||    20
   Stab: Sleeping          |     1 |       |       |     1 |     4 |     1 ||     7
         Invisible         |       |       |       |     2 |       |       ||     2
         Distracted        |       |       |       |     8 |    25 |    14 ||    47
         Petrified         |       |       |       |       |     1 |       ||     1
 Armour: Leather armour    |    16 |       |       |       |       |       ||    16
         Ring mail         |     3 |    81 |   103 |   196 |   267 |   105 ||   755
         Chain mail        |       |       |       |       |       |     5 ||     5
  Dodge: Dodged            |    30 |    67 |   152 |   426 |   615 |   290 ||  1580
  Block: Buckler           |       |       |       |       |       |    34 ||    34

Table legend: (Time is in decaauts)
 A = Elapsed time spent in this place.
 B = Non-inter-level travel time spent in this place.
 C = Inter-level travel time spent in this place.
 D = Time resting spent in this place.
 E = Time spent auto-exploring this place.
 F = Levels seen in this place.
 G = Mean time per level.
                   A        B        C        D        E       F      G
               +--------+--------+--------+--------+--------+-----+--------+
         Total |  25990 |  24331 |   1659 |   4399 |  10597 |  26 |  999.6 |
       Dungeon |  16358 |  15212 |   1146 |   2370 |   7710 |  15 | 1090.5 |
        Temple |    302 |    273 |     29 |      0 |    103 |   1 |  302.0 |
          Lair |   6578 |   6142 |    436 |   1443 |   2234 |   5 | 1315.6 |
        Shoals |    748 |    747 |      1 |    261 |     77 |   1 |  748.0 |
   Spider Nest |     27 |     27 |      0 |      0 |      0 |   1 |   27.0 |
  Orcish Mines |   1971 |   1924 |     47 |    324 |    473 |   2 |  985.5 |
        Depths |      3 |      3 |      0 |      0 |      0 |   1 |    3.0 |
               +--------+--------+--------+--------+--------+-----+--------+

Top non-repeatable levels by time:
  Lair:5: 2009 daAuts
     D:9: 1704 daAuts
    D:15: 1641 daAuts
  Lair:4: 1403 daAuts
   Orc:2: 1342 daAuts
    D:12: 1278 daAuts
     D:4: 1243 daAuts
  Lair:2: 1229 daAuts
    D:14: 1215 daAuts
     D:7: 1197 daAuts
    D:11: 1116 daAuts
     D:5: 1102 daAuts
  Lair:1: 1027 daAuts
     D:3: 974 daAuts
     D:6: 963 daAuts
